[Event "95th Caplin Hastings Congress"]
[Site "Hastings"]
[Date "2019.12.29"]
[Round "2.7"]
[White "Petrov, Martin"]
[Black "Bates, Richard A"]
[Result "1/2-1/2"]
[ECO "B90"]
[WhiteElo "2497"]
[BlackElo "2342"]
[Annotator "ChessBase"]
[PlyCount "100"]
[EventDate "2019.12.28"]
[EventType "swiss"]
[EventCountry "ENG"]
[SourceTitle "playchess.com"]
[Source "ChessBase"]
[SourceQuality "1"]
[TimeControl "40/6600+30:3000+30"]

1. e4 c5 2. Nf3 d6 3. d4 cxd4 4. Nxd4 Nf6 5. Nc3 a6 6. Be3 e5 7. Nb3 Be6 8. h3 Be7 9. f4 exf4 10. Bxf4 Nc6 11. Qe2 Nd7 12. O-O-O Nce5 13. Nd4 O-O 14. Qe3 Rc8 15. Kb1 Qa5 16. a3 Rfe8 17. g4 Bf8 18. Qe1 Nc5 19. Nxe6 fxe6 20. Bxe5 dxe5 21. Rh2 Rc6 22. Ka2 Rec8 23. Qe3 b5 24. Nb1 b4 25. b3 Na4 26. bxa4 Qxa4 27. Rd3 Rxc2+ 28. Rxc2 Qxc2+ 29. Ka1 b3 30. Rd2 Bxa3 31. Rxc2 bxc2 32. Qxa3 c1=Q 33. Qxa6 Rb8 34. Bb5 Qc5 35. Na3 Rd8 36. Qxe6+ Kh8 37. Qb3 Rd2 38. Nb1 Rc2 39. Qd3 Qa7+ 40. Na3 Qg1+ 41. Nb1 Qd4+ 42. Qxd4 exd4 43. e5 Rc5 44. Bf1 Rxe5 45. Kb2 Re3 46. Nd2 g6 47. Nb3 Re1 48. Nd2 Kg7 49. Kc2 Re3 50. Nc4 Re1 1/2-1/2

[Event "95th Caplin Hastings Congress"]
[Site "Hastings"]
[Date "2019.12.29"]
[Round "2.9"]
[White "Swayams, Mishra"]
[Black "Grieve, Harry"]
[Result "1-0"]
[ECO "A81"]
[WhiteElo "2479"]
[BlackElo "2299"]
[Annotator "ChessBase"]
[PlyCount "87"]
[EventDate "2019.12.28"]
[EventType "swiss"]
[EventCountry "ENG"]
[SourceTitle "playchess.com"]
[Source "ChessBase"]
[SourceQuality "1"]
[TimeControl "40/6600+30:3000+30"]

1. d4 f5 2. g3 Nf6 3. Bg2 g6 4. c3 Bg7 5. Qb3 Nc6 6. Nd2 d5 7. Ndf3 e6 8. h4 a5 9. a4 b6 10. Nh3 O-O 11. Nf4 Ne4 12. Be3 Re8 13. Ng5 Qd7 14. Nxe4 fxe4 15. f3 exf3 16. Bxf3 Ba6 17. O-O-O Rab8 18. Qc2 Bf8 19. h5 g5 20. Nh3 h6 21. Nf2 Qh7 22. Qg6+ Qxg6 23. hxg6 Kg7 24. Rh2 Ne7 25. Ng4 Nf5 26. Rdh1 Bd6 27. Bxg5 hxg5 28. Rh7+ Kxg6 29. e4 Ng7 30. R1h6+ Kf7 31. Rf6+ Kg8 32. Rh3 Bf1 33. Rh1 Bxg3 34. Nh6+ Kh7 35. Nf7+ Nh5 36. Bxh5 Bg2 37. Nxg5+ Kh8 38. Rg1 Rg8 39. Rh6+ Kg7 40. Rg6+ Kh8 41. Nf7+ Kh7 42. Rxg2 Rxg6 43. Bxg6+ Kxg6 44. Ne5+ 1-0

[Event "95th Caplin Hastings Congress"]
[Site "Hastings"]
[Date "2019.12.29"]
[Round "2.11"]
[White "Williams, Simon K"]
[Black "Ratnesan, Ranesh"]
[Result "1-0"]
[ECO "D10"]
[WhiteElo "2461"]
[BlackElo "2213"]
[Annotator "ChessBase"]
[PlyCount "57"]
[EventDate "2019.12.28"]
[EventType "swiss"]
[EventCountry "ENG"]
[SourceTitle "playchess.com"]
[Source "ChessBase"]
[SourceQuality "1"]
[TimeControl "40/6600+30:3000+30"]

1. d4 d5 2. c4 c6 3. cxd5 cxd5 4. Nc3 Nf6 5. Bf4 Nc6 6. e3 Bf5 7. Qb3 Na5 8. Qa4+ Bd7 9. Qc2 Rc8 10. Bd3 e6 11. Nf3 Be7 12. O-O O-O 13. Ne5 Be8 14. Qe2 a6 15. Qf3 b5 16. Qh3 b4 17. Ng4 g6 18. Nh6+ Kg7 19. Ne2 Bb5 20. Bxb5 axb5 21. Be5 Rc2 22. Nf4 Rc6 23. Rac1 Kh8 24. Ng4 Kg8 25. Nh6+ Kh8 26. b3 Rc3 27. Ne2 Rxc1 28. Rxc1 Bd6 29. Rc8 1-0

[Event "95th Caplin Hastings Congress"]
[Site "Hastings"]
[Date "2019.12.29"]
[Round "2.13"]
[White "Flear, Glenn C"]
[Black "Fishbein, Mitch"]
[Result "1/2-1/2"]
[ECO "E11"]
[WhiteElo "2440"]
[BlackElo "2151"]
[Annotator "NA"]
[PlyCount "85"]
[EventDate "2019.12.28"]
[EventType "swiss"]
[EventCountry "ENG"]
[SourceTitle "playchess.com"]
[Source "ChessBase"]
[SourceQuality "1"]
[TimeControl "40/6600+30:3000+30"]

1. d4 Nf6 2. c4 e6 3. Nf3 Bb4+ 4. Nbd2 O-O 5. a3 Be7 6. g3 d5 7. Bg2 Nbd7 8. O-O c6 9. Qc2 b6 10. e4 Bb7 11. e5 Ne8 12. cxd5 exd5 13. Re1 Nc7 14. Nf1 Ne6 15. Ne3 g6 16. Bh3 c5 17. Ng2 Re8 18. Bxe6 fxe6 19. Nf4 Nf8 20. h4 Qd7 21. Be3 c4 22. h5 g5 23. Ng2 h6 24. Nh2 Bd8 25. Ng4 Qh7 26. Qxh7+ Kxh7 27. f4 Nd7 28. Rf1 Kg7 29. Rf2 Be7 30. Raf1 Rf8 31. Ne1 c3 32. fxg5 hxg5 33. bxc3 Ba6 34. Rxf8 Rxf8 35. Rxf8 Nxf8 36. Kf2 Bb5 37. Nh2 Nh7 38. Bc1 a5 39. g4 Bc4 40. Nhf3 Kh6 41. Nd2 b5 42. Ke3 Nf8 43. Nef3 1/2-1/2

[Event "95th Caplin Hastings Congress"]
[Site "Hastings"]
[Date "2019.12.29"]
[Round "2.14"]
[White "Hebden, Mark L"]
[Black "Thompson, Ian D"]
[Result "1-0"]
[ECO "D30"]
[WhiteElo "2433"]
[BlackElo "2141"]
[Annotator "NA RC"]
[PlyCount "91"]
[EventDate "2019.12.28"]
[EventType "swiss"]
[EventCountry "ENG"]
[SourceTitle "playchess.com"]
[Source "ChessBase"]
[SourceQuality "1"]
[TimeControl "40/6600+30:3000+30"]

1. d4 d5 2. Nf3 Nf6 3. c4 e6 4. e3 c5 5. cxd5 exd5 6. Bb5+ Bd7 7. Bxd7+ Nbxd7 8. dxc5 Bxc5 9. O-O O-O 10. Nc3 Nb6 11. b3 Qe7 12. Bb2 Ba3 13. Bxa3 Qxa3 14. Qd4 Rfc8 15. Nb5 Qc5 16. Qxc5 Rxc5 17. Nd6 Rc7 18. Rac1 Rd7 19. Nf5 g6 20. N5d4 Rc8 21. Rxc8+ Nxc8 22. Rc1 Nd6 23. Kf1 a6 24. Ne5 Re7 25. Nd3 Nde8 26. Rc8 Rc7 27. Rxc7 Nxc7 28. Nc5 b6 29. Na4 Nd7 30. Ke2 f6 31. g4 Kf7 32. h4 h5 33. gxh5 gxh5 34. Nc3 Ne5 35. f4 Ng6 36. Kf2 Ne7 37. f5 Ne8 38. Kf3 Nd6 39. Kf4 b5 40. a3 Ke8 41. Nce2 Ne4 42. Ne6 Kd7 43. N2d4 Kd6 44. Ng7 Nf2 45. Ne8+ Kc5 46. Nxf6 1-0

[Event "95th Caplin Hastings Congress"]
[Site "Hastings"]
[Date "2019.12.29"]
[Round "2.15"]
[White "Unnikrishnan, Midhun P"]
[Black "Lalic, Bogdan"]
[Result "1/2-1/2"]
[ECO "A37"]
[WhiteElo "2135"]
[BlackElo "2414"]
[Annotator "NA"]
[PlyCount "56"]
[EventDate "2019.12.28"]
[EventType "swiss"]
[EventCountry "ENG"]
[SourceTitle "playchess.com"]
[Source "ChessBase"]
[SourceQuality "1"]
[TimeControl "40/6600+30:3000+30"]

1. Nf3 c5 2. c4 Nc6 3. g3 g6 4. Bg2 Bg7 5. Nc3 d6 6. O-O Qd7 7. e3 Bxc3 8. bxc3 b6 9. e4 Bb7 10. d3 O-O-O 11. Ne1 f5 12. Nc2 fxe4 13. Bxe4 Nf6 14. Bg2 Na5 15. Bg5 Bxg2 16. Kxg2 d5 17. Qf3 Qc6 18. Rfe1 dxc4 19. Qxc6+ Nxc6 20. dxc4 Rhf8 21. Re6 Kb7 22. Rae1 Rf7 23. R1e2 Rd3 24. R2e3 Rd2 25. Re2 Rxe2 26. Rxe2 Ng4 27. Bf4 e5 28. Bg5 h6 1/2-1/2

[Event "95th Caplin Hastings Congress"]
[Site "Hastings"]
[Date "2019.12.29"]
[Round "2.16"]
[White "Murphy, Conor E"]
[Black "Price, Gwilym"]
[Result "1/2-1/2"]
[ECO "C41"]
[WhiteElo "2407"]
[BlackElo "2110"]
[Annotator "NA"]
[PlyCount "62"]
[EventDate "2019.12.28"]
[EventType "swiss"]
[EventCountry "ENG"]
[SourceTitle "playchess.com"]
[Source "ChessBase"]
[SourceQuality "1"]
[TimeControl "40/6600+30:3000+30"]

1. e4 d6 2. d4 Nf6 3. Nc3 e5 4. Nf3 Nbd7 5. Bc4 Be7 6. a4 O-O 7. O-O c6 8. h3 b6 9. Re1 a6 10. Ba2 Qc7 11. Qe2 Bb7 12. Bd2 b5 13. axb5 axb5 14. b4 Nb6 15. Bb3 Nfd7 16. Rxa8 Rxa8 17. d5 Na4 18. Nxa4 bxa4 19. dxc6 Qxc6 20. Bd5 Qc7 21. Qb5 Bxd5 22. exd5 a3 23. Ra1 e4 24. Qc6 Qxc6 25. dxc6 Bf6 26. c3 exf3 27. cxd7 Kf8 28. Be3 Ke7 29. Bb6 Kxd7 30. Ba5 Bxc3 31. Rxa3 Rc8 1/2-1/2

[Event "95th Caplin Hastings Congress"]
[Site "Hastings"]
[Date "2019.12.29"]
[Round "2.17"]
[White "Boino, Claudio"]
[Black "Petrov, Vladimir Sergeev"]
[Result "0-1"]
[ECO "E12"]
[WhiteElo "2146"]
[BlackElo "2355"]
[Annotator "NA"]
[PlyCount "82"]
[EventDate "2019.12.28"]
[EventType "swiss"]
[EventCountry "ENG"]
[SourceTitle "playchess.com"]
[Source "ChessBase"]
[SourceQuality "1"]
[TimeControl "40/6600+30:3000+30"]

1. d4 Nf6 2. Nf3 e6 3. c4 b6 4. a3 Bb7 5. Nc3 d5 6. cxd5 Nxd5 7. Qc2 Nd7 8. e4 Nxc3 9. bxc3 c5 10. Bf4 cxd4 11. cxd4 Rc8 12. Qb3 h6 13. Bb5 a6 14. Bd3 g5 15. Bg3 Bg7 16. Bd6 Nf6 17. e5 Ne4 18. Bxe4 Bxe4 19. O-O Bf8 20. Nd2 Bc6 21. Qg3 Bd5 22. Rac1 f5 23. Qd3 Bxd6 24. exd6 O-O 25. Rxc8 Qxc8 26. Qe3 Qc6 27. Qe5 Kf7 28. Nf3 Rd8 29. Qe3 Bxf3 30. Rc1 Qe4 31. Qc3 Qg4 32. g3 Kg6 33. Re1 Bd5 34. f3 Qxf3 35. Rxe6+ Kh5 36. Qxf3+ Bxf3 37. Kf2 g4 38. h4 Bc6 39. Rf6 Bd7 40. Ke3 Re8+ 41. Kf2 Re6 {[%emt 0:05:46] Ke1} 0-1

[Event "95th Caplin Hastings Congress"]
[Site "Hastings"]
[Date "2019.12.29"]
[Round "2.18"]
[White "Terentiev, Sergei"]
[Black "White, Stuart A"]
[Result "1-0"]
[ECO "A13"]
[WhiteElo "2292"]
[BlackElo "2106"]
[Annotator "NA"]
[PlyCount "133"]
[EventDate "2019.12.28"]
[EventType "swiss"]
[EventCountry "ENG"]
[SourceTitle "playchess.com"]
[Source "ChessBase"]
[SourceQuality "1"]
[TimeControl "40/6600+30:3000+30"]

1. c4 e6 2. Nf3 d5 3. e3 Nf6 4. a3 a6 5. b3 c5 6. Bb2 Nc6 7. d4 cxd4 8. exd4 b6 9. Nbd2 Bb7 10. Bd3 Be7 11. O-O O-O 12. Rc1 Rc8 13. Qe2 a5 14. Rfe1 Qd6 15. c5 bxc5 16. dxc5 Qf4 17. Ne5 d4 18. Nxc6 Bxc6 19. g3 Qg5 20. b4 axb4 21. axb4 Rb8 22. Rc4 Rfd8 23. Bxd4 Bb5 24. Be3 Qd5 25. Rd4 Bxd3 26. Qxd3 Qa8 27. Rxd8+ Rxd8 28. Qc4 Nd5 29. Bd4 Qa4 30. Rb1 Nc7 31. Nf3 Qc6 32. Qe2 Qb5 33. Qe5 Ne8 34. Qf4 Qd3 35. Rb2 f6 36. Qe3 Qd1+ 37. Kg2 e5 38. Rd2 Qa4 39. Bc3 Qc6 40. Rxd8 Bxd8 41. Kg1 Nc7 42. Nd2 Qd5 43. Qe4 Qe6 44. Qc4 Kf7 45. Qd3 Nd5 46. b5 f5 47. Qc4 e4 48. b6 e3 49. fxe3 Qxe3+ 50. Kg2 Ke6 51. Ba5 Qa3 52. Nb3 Qb2+ 53. Kf3 Qb1 54. Ke2 Qa2+ 55. Bd2 Qa8 56. Nd4+ Ke5 57. Nf3+ Ke6 58. Ng5+ Kd7 59. Nf3 Bf6 60. Bf4 Kc6 61. Be5 Kd7 62. Bxf6 gxf6 63. Kf2 Ke6 64. Qe2+ Kf7 65. Nd4 Qc8 66. Qe6+ Qxe6 67. Nxe6 1-0

[Event "95th Caplin Hastings Congress"]
[Site "Hastings"]
[Date "2019.12.29"]
[Round "2.19"]
[White "Brown, Thomas"]
[Black "Sucikova, Svetlana"]
[Result "1/2-1/2"]
[ECO "E43"]
[WhiteElo "2116"]
[BlackElo "2160"]
[Annotator "NA"]
[PlyCount "61"]
[EventDate "2019.12.28"]
[EventType "swiss"]
[EventCountry "ENG"]
[SourceTitle "playchess.com"]
[Source "ChessBase"]
[SourceQuality "1"]
[TimeControl "40/6600+30:3000+30"]

1. d4 Nf6 2. c4 e6 3. Nc3 Bb4 4. e3 b6 5. Nf3 Bb7 6. Bd3 Ne4 7. Qc2 f5 8. O-O Bxc3 9. bxc3 O-O 10. Nd2 Qh4 11. f3 Nxd2 12. Bxd2 Nc6 13. c5 bxc5 14. Rab1 Rfb8 15. e4 e5 16. dxc5 f4 17. Be1 Qf6 18. Bf2 Nd8 19. Rfd1 Bc6 20. Rb4 Ne6 21. Qb3 Qf8 22. Bc4 Re8 23. Bd5 Kh8 24. Bxc6 dxc6 25. Qa4 Red8 26. Rbb1 Qe8 27. Rxd8 Nxd8 28. h3 h6 29. Kh2 Kh7 30. Qa5 Qd7 31. Rb2 1/2-1/2

[Event "95th Caplin Hastings Congress"]
[Site "Hastings"]
[Date "2019.12.29"]
[Round "2.20"]
[White "Hutchinson, Paul A"]
[Black "Kantor, Gergely"]
[Result "0-1"]
[ECO "D94"]
[WhiteElo "2112"]
[BlackElo "2541"]
[Annotator "ChessBase"]
[PlyCount "98"]
[EventDate "2019.12.28"]
[EventType "swiss"]
[EventCountry "ENG"]
[SourceTitle "playchess.com"]
[Source "ChessBase"]
[SourceQuality "1"]
[TimeControl "40/6600+30:3000+30"]

1. d4 Nf6 2. Nf3 d5 3. e3 g6 4. c4 Bg7 5. Nc3 O-O 6. Be2 dxc4 7. Bxc4 c5 8. O-O Qc7 9. d5 Bg4 10. h3 Bxf3 11. Qxf3 Nbd7 12. Qe2 Ne8 13. e4 Nd6 14. Bf4 Ne5 15. Bxe5 Bxe5 16. Rac1 a6 17. a4 Rab8 18. Bd3 c4 19. Bb1 b5 20. axb5 axb5 21. f4 Bd4+ 22. Kh1 b4 23. Nd1 Rfc8 24. Ne3 c3 25. b3 Bxe3 26. Qxe3 Qc5 27. Qd3 Nb5 28. Bc2 Qd4 29. Qf3 Qd2 30. e5 Nd4 31. Qf2 Rd8 32. Rcd1 Qxf2 33. Rxf2 Rxd5 34. Be4 Rdd8 35. Rb1 Ne6 36. f5 Nc5 37. Bc2 Nd3 38. Re2 gxf5 39. e6 Rb5 40. exf7+ Kxf7 41. Rf1 e6 42. g4 Kf6 43. Re4 Ra5 44. Re2 Rd4 45. Re3 Nf4 46. gxf5 e5 47. Rfe1 Ra2 48. Be4 c2 49. Bf3 Nd3 0-1

[Event "95th Caplin Hastings Congress"]
[Site "Hastings"]
[Date "2019.12.29"]
[Round "2.21"]
[White "Comellas Blanchart, Jordi"]
[Black "Gormally, Daniel W"]
[Result "0-1"]
[ECO "B51"]
[WhiteElo "2064"]
[BlackElo "2497"]
[Annotator "ChessBase"]
[PlyCount "58"]
[EventDate "2019.12.28"]
[EventType "swiss"]
[EventCountry "ENG"]
[SourceTitle "playchess.com"]
[Source "ChessBase"]
[SourceQuality "1"]
[TimeControl "40/6600+30:3000+30"]

1. e4 c5 2. Nf3 d6 3. Bb5+ Nd7 4. c3 Ngf6 5. Qe2 a6 6. Ba4 b5 7. Bc2 Bb7 8. d4 cxd4 9. cxd4 Rc8 10. O-O e6 11. Bd3 Be7 12. Bd2 O-O 13. a4 bxa4 14. Rxa4 Qb6 15. Nc3 Nb8 16. Rfa1 Rfe8 17. Bf4 Qd8 18. Nd2 d5 19. exd5 Nxd5 20. Nxd5 Bxd5 21. Nc4 Bxc4 22. Bxc4 Bf6 23. Be5 Bxe5 24. dxe5 Qg5 25. h4 Qh6 26. g3 a5 27. Kg2 Red8 28. Rd1 g6 29. Rxa5 Rxd1 0-1

[Event "95th Caplin Hastings Congress"]
[Site "Hastings"]
[Date "2019.12.29"]
[Round "2.22"]
[White "Yao, Lan"]
[Black "Balaji, Aaravamudhan"]
[Result "1-0"]
[ECO "C55"]
[WhiteElo "2281"]
[BlackElo "2050"]
[Annotator "NA"]
[PlyCount "91"]
[EventDate "2019.12.28"]
[EventType "swiss"]
[EventCountry "ENG"]
[SourceTitle "playchess.com"]
[Source "ChessBase"]
[SourceQuality "1"]
[TimeControl "40/6600+30:3000+30"]

1. e4 e5 2. Nf3 Nc6 3. Bc4 Nf6 4. d3 Be7 5. O-O O-O 6. Re1 d6 7. a4 Na5 8. Ba2 c5 9. c3 Nc6 10. Nbd2 a6 11. Nf1 Be6 12. Ng3 Qd7 13. h3 b5 14. Bb1 d5 15. exd5 Qxd5 16. Qe2 Rfe8 17. Ba2 Qd6 18. Bxe6 Qxe6 19. axb5 axb5 20. Rxa8 Rxa8 21. Nxe5 Nxe5 22. Qxe5 Qxe5 23. Rxe5 Bd6 24. Re1 Bxg3 25. fxg3 Ra1 26. Kf2 Kf8 27. Kf3 c4 28. dxc4 bxc4 29. Ke3 Nd7 30. Kd4 Nb6 31. Bd2 Rxe1 32. Bxe1 Na4 33. Kxc4 Nxb2+ 34. Kd5 Na4 35. c4 Nb6+ 36. Kc5 Na4+ 37. Kd6 Ke8 38. c5 Kd8 39. c6 Nb2 40. Ba5+ Kc8 41. Ke7 Nc4 42. Bc3 f5 43. Kf7 Ne3 44. Kxg7 Nxg2 45. Be5 h5 46. h4 1-0

[Event "95th Caplin Hastings Congress"]
[Site "Hastings"]
[Date "2019.12.29"]
[Round "2.23"]
[White "Flear, Christine"]
[Black "Stoyanov, Viktor"]
[Result "1/2-1/2"]
[ECO "A49"]
[WhiteElo "2035"]
[BlackElo "2272"]
[Annotator "NA"]
[PlyCount "128"]
[EventDate "2019.12.28"]
[EventType "swiss"]
[EventCountry "ENG"]
[SourceTitle "playchess.com"]
[Source "ChessBase"]
[SourceQuality "1"]
[TimeControl "40/6600+30:3000+30"]

1. d4 Nf6 2. Nf3 g6 3. g3 b6 4. Bg2 Bb7 5. O-O Bg7 6. b3 O-O 7. Bb2 e6 8. e3 d6 9. c4 Nbd7 10. Qe2 Qc8 11. Rd1 Ne4 12. Ne1 f5 13. f3 Ng5 14. e4 fxe4 15. fxe4 e5 16. h4 Nf7 17. d5 Nf6 18. Nc3 Qd8 19. Nd3 Nh5 20. Kh2 Nh6 21. Rf1 Bc8 22. Rxf8+ Qxf8 23. Bf3 Qf7 24. Rf1 Qe7 25. Bc1 Nf4 26. Qd2 Nxd3 27. Qxd3 Ng4+ 28. Kg1 h6 29. Qe2 Nf6 30. Nd1 Bh3 31. Re1 Bd7 32. Nf2 Rf8 33. Be3 a5 34. a3 Qf7 35. Kg2 Kh7 36. b4 axb4 37. axb4 Ra8 38. c5 bxc5 39. bxc5 dxc5 40. Bxc5 c6 41. dxc6 Bxc6 42. Rb1 Ra4 43. Rb4 Ra2 44. Rb2 Ra1 45. Rb4 Nd7 46. Be3 Nf8 47. Qc4 Qf6 48. Rb6 Rg1+ 49. Kxg1 Qxf3 50. Rxc6 Qxg3+ 51. Kf1 Qxe3 52. Rc7 Qf4 53. Rb7 Qf6 54. Ke1 h5 55. Rf7 Qd8 56. Ke2 Kh8 57. Qc6 Kg8 58. Ra7 Qxh4 59. Qd5+ Kh8 60. Rf7 Qg5 61. Qd6 Kg8 62. Qd5 Kh8 63. Qd6 Kg8 64. Qd5 Kh8 1/2-1/2

[Event "95th Caplin Hastings Congress"]
[Site "Hastings"]
[Date "2019.12.29"]
[Round "2.24"]
[White "Ratsma, Midas"]
[Black "Rice, Chris B"]
[Result "1/2-1/2"]
[ECO "C42"]
[WhiteElo "2270"]
[BlackElo "2027"]
[Annotator "NA"]
[PlyCount "167"]
[EventDate "2019.12.28"]
[EventType "swiss"]
[EventCountry "ENG"]
[SourceTitle "playchess.com"]
[Source "ChessBase"]
[SourceQuality "1"]
[TimeControl "40/6600+30:3000+30"]

1. e4 e5 2. Nf3 Nf6 3. Nxe5 d6 4. Nf3 Nxe4 5. d4 d5 6. Bd3 Nc6 7. O-O Be7 8. Nbd2 Nxd2 9. Qxd2 Bg4 10. Ne5 Nxe5 11. dxe5 Qd7 12. f4 Bf5 13. Bxf5 Qxf5 14. Qxd5 Qxc2 15. Be3 c6 16. Qf3 Bc5 17. Rf2 Bxe3 18. Qxe3 Qa4 19. b3 Qa5 20. Rd1 O-O 21. Rd7 Rad8 22. e6 fxe6 23. Qxe6+ Kh8 24. Qe7 Rg8 25. h3 Rxd7 26. Qxd7 Qe1+ 27. Rf1 Qe3+ 28. Kh2 Qe2 29. Rf3 Qa6 30. Rg3 c5 31. a4 h6 32. f5 Qf6 33. Qxb7 Qxf5 34. Qxa7 Qe5 35. Qa5 Rb8 36. Qc3 Qc7 37. Qc4 Rb4 38. Qc3 h5 39. Kh1 Rd4 40. Qf3 Qe5 41. Qf8+ Kh7 42. Rf3 c4 43. bxc4 Rxc4 44. Qf5+ Qxf5 45. Rxf5 Rxa4 46. Rxh5+ Kg6 47. Rb5 Kf6 48. Kh2 g5 49. Rb6+ Kg7 50. Kg3 Rc4 51. Ra6 Rb4 52. Kf3 Rf4+ 53. Ke3 Rb4 54. Rd6 Ra4 55. Rd4 Ra3+ 56. Ke4 Rg3 57. Rd2 Kg6 58. Rf2 Ra3 59. Rd2 Rg3 60. Ra2 Kf6 61. Re2 Ra3 62. Re3 Ra4+ 63. Kf3 Rf4+ 64. Kg3 Ra4 65. Rb3 Kf5 66. Kf3 Rf4+ 67. Ke3 Re4+ 68. Kf2 Ra4 69. g4+ Kg6 70. Kg3 Ra6 71. h4 gxh4+ 72. Kxh4 Rc6 73. Rb8 Ra6 74. Rg8+ Kh7 75. Rg5 Kh6 76. Rc5 Kg6 77. Rc4 Rb6 78. Kg3 Ra6 79. Rc5 Rb6 80. Kh4 Ra6 81. Rg5+ Kh6 82. Rg8 Kh7 83. Rb8 Kg6 84. Rb5 1/2-1/2

[Event "95th Caplin Hastings Congress"]
[Site "Hastings"]
[Date "2019.12.29"]
[Round "2.25"]
[White "Anuprita, Patil"]
[Black "Lyell, Mark"]
[Result "0-1"]
[ECO "C40"]
[WhiteElo "2025"]
[BlackElo "2265"]
[Annotator "NA"]
[PlyCount "88"]
[EventDate "2019.12.28"]
[EventType "swiss"]
[EventCountry "ENG"]
[SourceTitle "playchess.com"]
[Source "ChessBase"]
[SourceQuality "1"]
[TimeControl "40/6600+30:3000+30"]

1. Nf3 f5 2. d3 Nc6 3. e4 e5 4. Nc3 Nf6 5. exf5 d5 6. d4 exd4 7. Nxd4 Nxd4 8. Qxd4 Bxf5 9. Bg5 Bxc2 10. Rc1 Bg6 11. Bxf6 Qxf6 12. Qe3+ Qe7 13. Qxe7+ Kxe7 14. Nxd5+ Kd7 15. Nxc7 Bb4+ 16. Kd1 Rad8 17. Bb5+ Kc8+ 18. Ke2 Kb8 19. Ne6 Rhe8 20. Bxe8 Rxe8 21. Rhd1 Rxe6+ 22. Kf1 Rd6 23. Rxd6 Bxd6 24. Ke2 a5 25. g3 Ka7 26. f4 Kb6 27. Rc8 Be7 28. g4 Bb1 29. a3 Bf6 30. Rc1 Be4 31. b4 a4 32. Rd1 Bb2 33. Ke3 Bc6 34. Rd3 Bb5 35. Rd6+ Bc6 36. Rd3 Kb5 37. f5 Kc4 38. Rd8 Bxa3 39. Rd4+ Kb5 40. Kd3 Bxb4 41. g5 a3 42. Kc2 a2 43. Rd1 Be4+ 44. Kb2 Bb1 0-1

[Event "95th Caplin Hastings Congress"]
[Site "Hastings"]
[Date "2019.12.29"]
[Round "2.26"]
[White "Norinkeviciute, Rasa"]
[Black "Wall, Tim P"]
[Result "0-1"]
[ECO "B04"]
[WhiteElo "2018"]
[BlackElo "2218"]
[Annotator "NA"]
[PlyCount "126"]
[EventDate "2019.12.28"]
[EventType "swiss"]
[EventCountry "ENG"]
[SourceTitle "playchess.com"]
[Source "ChessBase"]
[SourceQuality "1"]
[TimeControl "40/6600+30:3000+30"]

1. e4 Nf6 2. e5 Nd5 3. d4 d6 4. Nf3 dxe5 5. Nxe5 c6 6. Be2 Bf5 7. a3 Nd7 8. Nf3 e6 9. c4 N5f6 10. Nc3 Bd6 11. h3 h6 12. Be3 Qc7 13. Qd2 Ne4 14. Nxe4 Bxe4 15. b4 a5 16. c5 Be7 17. Bf4 Qd8 18. O-O O-O 19. Qe3 Bh7 20. b5 cxb5 21. Bxb5 Nf6 22. Be5 Nd5 23. Qb3 a4 24. Bxa4 Nc3 25. Bb5 Nxb5 26. Qxb5 Qd5 27. Rfd1 Bc2 28. Rd2 Ba4 29. Qb2 Bc6 30. Qa2 Ra4 31. Qxd5 Bxd5 32. Rd3 Rfa8 33. Rc3 Bd8 34. Re3 f6 35. Bd6 Kf7 36. Rd3 Ke8 37. Nd2 g5 38. f3 Kd7 39. Bg3 Kc6 40. Bf2 f5 41. Nb1 Bc7 42. Be1 Bc4 43. Rd1 Bf4 44. Bf2 h5 45. Re1 h4 46. Be3 Bg3 47. Bf2 Bd5 48. Rd1 Rc4 49. Be3 Rc2 50. a4 g4 51. Nd2 gxh3 52. gxh3 Rg8 53. Kf1 Bc7 54. Rdc1 Rxc1+ 55. Rxc1 Rg3 56. Bf2 Rxh3 57. Kg2 Rh2+ 58. Kg1 h3 59. Rb1 Rg2+ 60. Kf1 Bf4 61. Rb6+ Kc7 62. Rb2 Kc8 63. Ke1 h2 0-1

[Event "95th Caplin Hastings Congress"]
[Site "Hastings"]
[Date "2019.12.29"]
[Round "2.27"]
[White "Lehaci, Miruna-Daria"]
[Black "De Coverly, Roger D"]
[Result "1-0"]
[ECO "C84"]
[WhiteElo "2214"]
[BlackElo "1986"]
[Annotator "NA"]
[PlyCount "101"]
[EventDate "2019.12.28"]
[EventType "swiss"]
[EventCountry "ENG"]
[SourceTitle "playchess.com"]
[Source "ChessBase"]
[SourceQuality "1"]
[TimeControl "40/6600+30:3000+30"]

1. e4 e5 2. Nf3 Nc6 3. Bb5 a6 4. Ba4 Nf6 5. d3 b5 6. Bb3 Be7 7. O-O O-O 8. Nc3 d6 9. a4 b4 10. Nd5 Bg4 11. Be3 a5 12. h3 Bxf3 13. Qxf3 Nd4 14. Bxd4 exd4 15. Nxe7+ Qxe7 16. Rae1 Nd7 17. Qg3 Nc5 18. Bd5 Rab8 19. b3 Rb6 20. e5 dxe5 21. Rxe5 Qd6 22. Bc4 Rbb8 23. Rd5 Qxg3 24. fxg3 Ne6 25. Rxa5 Rfe8 26. Raf5 Nd8 27. Rxf7 Nxf7 28. Bxf7+ Kf8 29. Bxe8+ Kxe8 30. Rf5 Ke7 31. Rd5 Ke6 32. Rxd4 c5 33. Re4+ Kd6 34. Kf2 g5 35. h4 Rf8+ 36. Ke2 h6 37. h5 Rf5 38. g4 Rf6 39. g3 Kd5 40. Re7 Kd4 41. Rc7 Re6+ 42. Kd2 Rf6 43. Rd7+ Ke5 44. Ke2 Re6 45. Rf7 Kd4+ 46. Kd2 Ke5 47. Rg7 Rf6 48. Rg6 Rf2+ 49. Kc1 Kd4 50. Kb2 Rg2 51. a5 1-0

[Event "95th Caplin Hastings Congress"]
[Site "Hastings"]
[Date "2019.12.29"]
[Round "2.28"]
[White "Pavlov, Mikhail"]
[Black "Brouwer, Dennis"]
[Result "1-0"]
[ECO "C03"]
[WhiteElo "1955"]
[BlackElo "2202"]
[Annotator "NA"]
[PlyCount "57"]
[EventDate "2019.12.28"]
[EventType "swiss"]
[EventCountry "ENG"]
[SourceTitle "playchess.com"]
[Source "ChessBase"]
[SourceQuality "1"]
[TimeControl "40/6600+30:3000+30"]

1. e4 e6 2. d4 d5 3. Nd2 Be7 4. e5 c5 5. Qg4 Kf8 6. dxc5 Nd7 7. Qg3 Nxc5 8. Ngf3 Bd7 9. Nb3 Qb6 10. Be3 a5 11. Be2 a4 12. Nbd2 Qxb2 13. O-O Rc8 14. c4 dxc4 15. Bxc4 Qc2 16. Rab1 Nh6 17. Rfc1 Qg6 18. Qxg6 hxg6 19. Bb5 Ke8 20. Bxd7+ Kxd7 21. Ne4 Na6 22. Rxb7+ Rc7 23. Rd1+ Kc8 24. Rb6 Nb8 25. Rdb1 Nd7 26. Ra6 Rb7 27. Ra8+ Nb8 28. Rxb7 Kxb7 29. Ra7+ 1-0

[Event "95th Caplin Hastings Congress"]
[Site "Hastings"]
[Date "2019.12.29"]
[Round "2.29"]
[White "Snape, Ian L"]
[Black "Burrows, Nick"]
[Result "1-0"]
[ECO "C16"]
[WhiteElo "2196"]
[BlackElo "1952"]
[Annotator "NA"]
[PlyCount "119"]
[EventDate "2019.12.28"]
[EventType "swiss"]
[EventCountry "ENG"]
[SourceTitle "playchess.com"]
[Source "ChessBase"]
[SourceQuality "1"]
[TimeControl "40/6600+30:3000+30"]

1. e4 e6 2. d4 d5 3. Nc3 Bb4 4. e5 b6 5. a3 Bf8 6. f4 Ne7 7. Be3 h5 8. Bf2 Qd7 9. Nf3 Nbc6 10. Bd3 Bb7 11. Qe2 O-O-O 12. O-O Nf5 13. Bxf5 exf5 14. Rfe1 Re8 15. Qd3 Be7 16. Bh4 Bxh4 17. Nxh4 g6 18. Nf3 Nd8 19. Ng5 Ne6 20. Nxe6 Rxe6 21. Re3 h4 22. Rae1 Rh5 23. Nd1 Kb8 24. Nf2 Bc8 25. Nh3 Re7 26. Ng5 Qc6 27. Qd2 Be6 28. Qb4 Re8 29. Rc3 Qd7 30. a4 a5 31. Qb3 Ka7 32. Ree3 Rhh8 33. Rh3 Rh5 34. Qa3 Kb7 35. Nf3 Reh8 36. b4 Ra8 37. b5 Rah8 38. Rc6 Qd8 39. Qc3 Bd7 40. Rf6 Qe8 41. Ng5 Rxg5 42. fxg5 Be6 43. Qd2 Qd7 44. g3 c6 45. Rxh4 Rc8 46. Qd3 cxb5 47. axb5 Qc7 48. Rh7 Re8 49. h4 Qc4 50. Rxe6 Rxe6 51. Rxf7+ Kb8 52. Qxc4 dxc4 53. h5 gxh5 54. Rxf5 Rg6 55. Kh2 Kc7 56. Kh3 Rg8 57. Rf7+ Kb8 58. Kh4 c3 59. d5 Rd8 60. g6 1-0